 Dungeon Crawl Stone Soup version 0.18-a0-844-g9229740 (webtiles) character file.

101 4thArraOfDagon the Chopper (level 4, -2/64 HPs)
             Began as a Naga Berserker on Dec 18, 2015.
             Was a Believer of Trog.
             Slain by an orc
             ... wielding a +2 whip of electrocution
              (15 damage)
             ... on level 4 of the Dungeon.
             The game lasted 00:03:04 (510 turns).

4thArraOfDagon the Chopper (Naga Berserker)          Turns: 510, Time: 00:03:05

Health: -2/64      AC:  6    Str: 25    XL:     4   Next: 75%
Magic:  4/4        EV:  9    Int:  8    God:    Trog [**....]
Gold:   104        SH:  0    Dex: 10    Spells: 0 memorised, 3 levels left

rFire  . . .     SeeInvis +     o - +0 war axe
rCold  . . .     Gourm    .     a - +0 ring mail
rNeg   . . .     Faith    .     (no shield)
rPois  +         Spirit   .     l - +2 hat
rElec  .         Dismiss  .     (no cloak)
rCorr  .         Reflect  .     (no gloves)
SustAt .         Harm     .     (no barding)
MR     .....                    (no amulet)
Stlth  ..........               (no ring)
                                (no ring)

@: berserking, quick, not resistant to hostile enchantments, extremely
unstealthy
A: see invisible, deformed body, poison resistance, slowness 2, slow metabolism
1, spit poison 2, AC +1
a: Spit Poison, Berserk, Trog's Hand, Burn Spellbooks, Renounce Religion


You were on level 4 of the Dungeon.
You worshipped Trog.
Trog was pleased with you.
You were not hungry.

You visited 1 branch of the dungeon, and saw 4 of its levels.

You collected 104 gold pieces.

Inventory:

Hand Weapons
 o - a +0 war axe (weapon)
Armour
 a - a +0 ring mail (worn)
 l - a +2 hat (worn)
Wands
 f - a wand of digging (15)
Scrolls
 d - a scroll of recharging {unknown}
 e - a scroll of enchant armour {unknown}
 g - a scroll of magic mapping {unknown}
 j - a scroll of enchant weapon {unknown}
 m - 2 scrolls of blinking {unknown}
Potions
 i - a potion of might {unknown}
 n - a potion of invisibility {unknown}
Comestibles
 c - a bread ration
 h - 3 meat rations
 k - 2 chunks of flesh


   Skills:
 + Level 3.6 Fighting
 * Level 4.2 Axes
 + Level 2.4 Armour
 - Level 1.5 Dodging


You had 3 spell levels left.
You didn't know any spells.

Dungeon Overview and Level Annotations

Branches:
Dungeon (4/15)
 Temple: D:4-7

Altars:
Vehumet

Annotations:
D:2 MAK


Innate Abilities, Weirdness & Mutations

You cannot wear boots.
Your serpentine skin is tough (AC +1).
You have supernaturally acute eyesight.
Armour fits poorly on your strangely shaped body.
Your system is resistant to poisons.
You cover ground very slowly.
You have a slow metabolism.
You can spit poison.


Message History

The orc warrior freezes you.
Unknown command.
Unknown command.
You hit the orc warrior.
The orc warrior is lightly wounded.
You closely miss the orc.
The orc warrior hits you with a trident of freezing.
The orc warrior freezes you.
* * * LOW HITPOINT WARNING * * *
The orc hits you with a whip of electrocution.
* * * LOW HITPOINT WARNING * * *
You closely miss the orc warrior.
The orc warrior is lightly wounded.
Your ring mail prevents you from hitting the orc.
You have got your breath back.
The orc warrior barely misses you.
The orc hits you with a whip of electrocution.
* * * LOW HITPOINT WARNING * * *
You are electrocuted!
You die...

#.# #.. #.# #.# ####.#####
#.# +# #........# #.# ...
#.#...##.# #.#### ....
#.#...##.# #.##.## [....
#.....##.#####..@..####......
......[...."....oo....'......
#.....##.######.)..####...o..
#.#.#.##.# #.#.## .o...
#.....##.# #.### ....
#........# #.# ... ###.######
#.# +# #.# #.# #.# #.#


You could see an orc warrior and an orc.

Vanquished Creatures
  An orc wizard (D:4)
  An orc priest (D:4)
  An adder (D:2)
  An ooze (D:3)
  3 orcs (D:4)
  A ball python (D:3)
  5 goblins
  5 hobgoblins
  3 jackals (D:2)
  3 kobolds
  3 bats
  A giant cockroach (D:4)
  2 giant newts (D:2)
30 creatures vanquished.

Notes
Turn   | Place    | Note
--------------------------------------------------------------
     0 | D:1      | 4thArraOfDagon the Naga Berserker began the quest for the Orb.
     0 | D:1      | Reached XP level 1. HP: 21/21 MP: 1/1
   102 | D:2      | Found a radiant altar of Vehumet.
   142 | D:2      | Reached XP level 2. HP: 25/28 MP: 2/2
   259 | D:2      | Reached XP level 3. HP: 23/34 MP: 3/3
   406 | D:4      | Reached XP level 4. HP: 42/42 MP: 4/4
   410 | D:4      | Reached ** piety under Trog
   410 | D:4      | Reached skill level 4 in Axes
   496 | D:4      | Noticed an orc warrior
   510 | D:4      | Slain by an orc

Vault maps used:
D:1:      lightli_arrival_quake
D:2:      vehumet_crystals, makhleb_blood_cavern_becter, first_bread,
          minmay_misc_feat_rows
D:3:      overflow_temple_1_default

Action                   |  1- 3 |  4- 6 || total
-------------------------+-------+-------++-------
Melee: Hand axe          |    66 |     4 ||    70
       War axe           |       |     6 ||     6
Invok: Berserk           |     4 |     1 ||     5
 Abil: Spit Poison       |    19 |     2 ||    21
  Use: Potion            |     1 |       ||     1
  Eat: Chunk             |     2 |     2 ||     4
